 Dungeon Crawl Stone Soup version 0.15.1-1-gfacfea3 (webtiles) character file.

72 Kold the Insei (level 4, -1/35 HPs)
             Began as a Demonspawn Monk on Sept 20, 2014.
             Killed from afar by an orc wizard (4 damage)
             ... with a magic dart
             ... on Level 3 of the Dungeon.
             The game lasted 00:03:41 (1943 turns).

Kold the Insei (Demonspawn Monk)                    Turns: 1943, Time: 00:03:41

HP  -1/35        AC  6     Str 11      XL: 4   Next:  7%
MP   4/4         EV 12     Int 15      God:
Gold 128         SH  0     Dex 16      Spells:  0 memorised,  3 levels left

rFire  . . .     SeeInvis .       - Unarmed
rCold  . . .     Clarity  .     o - +0 leather armour
rNeg   . . .     rCorr    .     (no shield)
rPois  .         rRot     .     (helmet restricted)
rElec  .         Spirit   .     (no cloak)
SustAb .         Warding  .     i - +2 pair of gloves {archery}
rMut   +         Stasis   .     (no boots)
Gourm  .                        j - amulet of resist mutation
MR     .....                    (no ring)
                                f - +3 ring of intelligence

@: about to teleport, not resistant to hostile enchantments, unstealthy
A: claws 1, horns 1
a: no special abilities


You were on level 3 of the Dungeon.
You were not hungry.

You visited 1 branch of the dungeon, and saw 3 of its levels.

You collected 128 gold pieces.

Inventory:

Armour
 a - a +0 robe
 i - a +2 pair of gloves of archery (worn)
 o - a +0 leather armour (worn)
Magical devices
 k - a wand of fireball (3)
Comestibles
 b - a bread ration
 d - a slice of pizza
 h - a beef jerky
 l - 4 fruits
 p - a chunk of bat flesh
Scrolls
 e - 2 scrolls of identify
 m - a scroll of noise {unknown}
 n - a scroll of teleportation
 q - a scroll of amnesia {unknown}
 r - a scroll of magic mapping {unknown}
Jewellery
 f - a +3 ring of intelligence (left hand)
 j - an amulet of resist mutation (around neck)
Potions
 c - a potion of lignification


   Skills:
 - Level 3.1 Fighting
 - Level 3.3 Dodging
 - Level 2.0 Stealth
 + Level 4.5 Unarmed Combat


You had 3 spell levels left.
You didn't know any spells.

Dungeon Overview and Level Annotations

Branches:
Dungeon (3/15)

Altars:
Cheibriados
Kikubaaqudgha
Yredelemnul


Innate Abilities, Weirdness & Mutations

You have sharp fingernails.
You have a pair of small horns on your head.


Message History

Aim: an orc, wielding a hand axe
Okay, then.
You hit the orc priest.
You kill the orc priest!
You have reached level 4!
You feel clever.
The orc wizard gestures wildly while chanting.
The orc wizard blinks!
The orc wizard mumbles some strange words.
The orc wizard blinks!
Read which item? (? for menu, Esc to quit)
As you read the scroll labeled LELEOC ELUPT, it crumbles to dust.
You feel as if something is helping you.
It was a scroll of remove curse.
Read which item? (? for menu, Esc to quit)
As you read the scroll of teleportation, it crumbles to dust.
You feel strangely unstable. The orc wizard casts a spell at you.
The magic dart hits you!
You die...

P.. o.. P?# ... #.# .
.o#########..#
#o##.........#
#.##.##.##...#
#.##@##.##...##
#oo...o........
#.##.##.##..#
#...........#
#..#ยง.......#
#####..####.#.#........
#...#..####.#.########
#.#............
#...#.<#..###.##


You could see an orc wizard and 2 orcs.

Vanquished Creatures
  An orc priest (D:3)
  2 oozes
  A ball python (D:2)
  8 bats
  2 giant cockroaches
  3 hobgoblins
  A jackal (D:1)
  6 kobolds
  3 giant newts
  5 goblins
  8 rats
40 creatures vanquished.

Notes
Turn   | Place    | Note
--------------------------------------------------------------
     0 | D:1      | Kold, the Demonspawn Monk, began the quest for the Orb.
     0 | D:1      | Reached XP level 1. HP: 18/18 MP: 1/1
   581 | D:1      | Gained mutation: You have a pair of small horns on your head. [demonic ancestry]
   581 | D:1      | Reached XP level 2. HP: 24/24 MP: 2/2
  1050 | D:2      | Reached skill level 4 in Unarmed Combat
  1267 | D:2      | Gained mutation: You have sharp fingernails. [demonic ancestry]
  1267 | D:2      | Reached XP level 3. HP: 29/29 MP: 3/3
  1579 | D:2      | Found a snail-covered altar of Cheibriados.
  1825 | D:3      | Found a basalt altar of Yredelemnul.
  1825 | D:3      | Found an ancient bone altar of Kikubaaqudgha.
  1940 | D:3      | Reached XP level 4. HP: 2/35 MP: 4/4
  1943 | D:3      | Killed from afar by an orc wizard

Action                   |  1- 3 |  4- 6 || total
-------------------------+-------+-------++-------
Melee: Unarmed           |   115 |       ||   115
Evoke: Wand              |     1 |       ||     1
  Use: Potion            |     7 |       ||     7
       Scroll            |     1 |     2 ||     3
 Stab: Sleeping          |     6 |       ||     6
  Eat: Chunk             |     3 |       ||     3
